 Dungeon Crawl Stone Soup version 0.23-a0-480-g1869896531 (webtiles) character file.

3117 Hxbwjdbjkwsadvkkvk the Geomancer (level 9, -9/76 HPs)
             Began as a Gargoyle Earth Elementalist on Nov 29, 2018.
             Was an Initiate of Vehumet.
             Mangled by a sun demon (17 damage)
             ... summoned by an obsidian statue
             ... on level 8 of the Dungeon.
             The game lasted 00:20:53 (8946 turns).

Hxbwjdbjkwsadvkkvk the Geomancer (GrEE)             Turns: 8946, Time: 00:20:54

Health: -9/76      AC: 24    Str:  9      XL:     9   Next: 91%
Magic:  18/18      EV:  2    Int: 25      God:    Vehumet [......]
Gold:   226        SH:  0    Dex:  9 (10) Spells: 11/20 levels left

rFire    + . .     SeeInvis .   u - +1 scimitar (elec)
rCold    . . .     Gourm    .   (no shield)
rNeg     + + +     Faith    .   (armour currently unavailable)
rPois    ∞         Spirit   .   (helmet currently unavailable)
rElec    .         Reflect  .   (cloak currently unavailable)
rCorr    .         Harm     .   (gloves currently unavailable)
MR       .....     NoTele   +   (boots currently unavailable)
Stlth    ++........             (no amulet)
HPRegen  0.22/turn              C - +5 ring of intelligence
MPRegen  0.16/turn              p - ring of protection from fire

@: tree-form (expiring), mesmerised
A: negative energy resistance 1, weak 1, petrification resistance, rot immunity,
AC +6
a: Renounce Religion


You were on level 8 of the Dungeon.
You worshipped Vehumet.
Vehumet was noncommittal.
You were very hungry.
You were a tree.
You visited 2 branches of the dungeon, and saw 9 of its levels.

You collected 421 gold pieces.
You spent 195 gold pieces at shops.

Inventory:

Hand Weapons
 g - a +0 rapier of venom
 u - a +1 scimitar of electrocution (weapon)
 v - a +0 mace
Missiles
 b - 169 stones (quivered)
 E - a throwing net
Armour
 c - a +1 robe of magic resistance (melded)
 e - a +1 pair of gloves of dexterity (melded)
 h - a +1 cloak (melded)
 k - a +2 pair of boots (melded)
Magical Staves
 F - an uncursed staff of cold {unknown}
Jewellery
 n - an uncursed ring of resist corrosion
 p - a ring of protection from fire (right branch)
 C - a +5 ring of intelligence (left branch)
Wands
 f - a wand of acid (7)
 q - a wand of polymorph (17)
 w - a wand of digging (8)
Scrolls
 a - 2 scrolls of remove curse
 t - a scroll of immolation
 y - a scroll of amnesia
 z - a scroll of fog
 D - a scroll of blinking
Potions
 i - a potion of resistance
 j - a potion of brilliance
 l - a potion of flight
 m - a potion of ambrosia
 o - 3 potions of cancellation
 r - a potion of lignification
 s - 2 potions of berserk rage {unknown}
 x - 2 potions of curing {unknown}
 A - 3 potions of haste {unknown}
 B - a potion of degeneration {unknown}
Comestibles
 d - 12 rations


   Skills:
 + Level 3.3 Fighting
 + Level 3.0 Maces & Flails
 + Level 3.2 Armour
 + Level 3.0 Dodging
 - Level 2.1 Stealth
 + Level 6.4 Spellcasting
 + Level 6.7 Conjurations
   Level 0.7 Transmutations
 + Level 8.7 Earth Magic
 + Level 2.8 Evocations


You had 11 spell levels left.
You knew the following spells:

 Your Spells              Type           Power        Failure   Level  Hunger
a - Sandblast             Erth           ######       1%          1    None
b - Stone Arrow           Conj/Erth      #####.       1%          3    None
c - Lee's Rapid Deconstr  Erth           ######....   5%          5    #####..

Your spell library contained the following spells:

 Spells                   Type           Power        Failure   Level  Hunger
 Shock                    Conj/Air       ###.         1%          1    None
 Passwall                 Tmut/Erth      ####....     1%          2    None
 Petrify                  Tmut/Erth      ####....     10%         4    ###....


Dungeon Overview and Level Annotations

Branches:
Dungeon (8/15)             Temple (1/1) D:6
   Lair: D:8-11

Altars:
Ashenzari
Cheibriados
Dithmenos
Elyvilon
Fedhas
Gozag
Kikubaaqudgha
Makhleb
Nemelex Xobeh
Okawaru
Qazlal
Ru
Sif Muna
Trog
Uskayaw
Vehumet
Wu Jian
Xom
Yredelemnul
Zin
The Shining One

Shops:
D:4 [   D:7 =

Annotations:
D:8 exclusion: obsidian statue


Innate Abilities, Weirdness & Mutations

You are resistant to torment.
((Your stone body is resilient. (AC +6)))
You are immune to poison.
You resist negative energy. (rN+)
((You are resistant to electric shocks. (rElec)))
((You can survive without breathing.))
You are immune to petrification.
You are immune to rotting.
You are weak. (Str -2)


Message History

The quasit claws you but does no damage.
The neqoxec hits you but does no damage.
The sun demon hits you but does no damage.
The crimson imp blinks!
The quasit bites you but does no damage.
The quasit claws you but does no damage.
The quasit claws you.
You feel clumsy. The ice devil hits you!
* * * LOW HITPOINT WARNING * * *
The ice devil freezes you!
* * * LOW HITPOINT WARNING * * *
The neqoxec gestures at you.
Strange energies course through your body.
You feel weaker.
You hit the obsidian statue.
The obsidian statue is moderately damaged.
Your transformation is almost over.
The sun demon hits you!
You die...

#...# #...#
#5..# #...##
#....##
#.....##
#<.....##
#....§.3##
#..#.5♣45#
#....##358.!#
#.######...##
#. ##?## . ##
.#


You could see an obsidian statue, a sun demon, an ice devil, a neqoxec, an iron
imp, a quasit, a crimson imp and an ufetubus.

Vanquished Creatures
  Pikel (D:6)
  Prince Ribbit (D:7)
  A hippogriff (D:7)
  Sigmund (D:4)
  Eustachio (D:4)
  Duvessa (D:4)
  2 ice beasts
  3 ogres
  An orc warrior (D:4)
  A phantom (D:5)
  A necrophage (D:7)
  A centaur (D:6)
  Blork the orc (D:4)
  Dowan (D:4)
  A scorpion (D:5)
  2 howler monkeys (D:7)
  A crimson imp (D:6)
  A bullfrog zombie (D:6)
  Crazy Yiuf (D:4)
  3 orc priests
  5 orc wizards
  An iguana (D:6)
  6 worker ants
  A hound skeleton (D:7)
  A worker ant zombie (D:5)
  Robin (D:3)
  14 adders
  A river rat (D:2)
  An ooze (D:1)
  An adder zombie (D:5)
  A worm (D:2)
  A dart slug (D:2)
  5 leopard geckos
  30 orcs
  3 giant cockroaches
  15 goblins
  20 hobgoblins
  7 jackals (D:6)
  7 quokkas
  A ball python (D:7)
  11 bats
  8 frilled lizards
  5 kobolds
  6 rats
178 creatures vanquished.

Vanquished Creatures (others)
  An orc (D:4)
  A jackal (D:6)
2 creatures vanquished.

Grand Total: 180 creatures vanquished

Notes
Turn   | Place    | Note
-------+----------+-------------------------------------------
     0 | D:1      | Hxbwjdbjkwsadvkkvk the Gargoyle Earth Elementalist began
                  | the quest for the Orb.
     0 | D:1      | Reached XP level 1. HP: 10/10 MP: 3/3
   134 | D:1      | Reached XP level 2. HP: 6/15 MP: 3/5
   431 | D:1      | Reached skill level 4 in Earth Magic
   883 | D:1      | Reached XP level 3. HP: 13/19 MP: 6/6
   888 | D:1      | Learned a level 3 spell: Stone Arrow
  1956 | D:2      | Reached skill level 1 in Conjurations
  2054 | D:2      | Reached XP level 4. HP: 16/24 MP: 8/8
  2609 | D:2      | Reached skill level 5 in Earth Magic
  2734 | D:3      | Found a faded altar of an unknown god.
  2827 | D:3      | Reached XP level 5. HP: 28/28 MP: 9/9
  2841 | D:3      | Learned a level 5 spell: Lee's Rapid Deconstruction
  2896 | D:3      | Noticed Robin
  2921 | D:3      | Killed Robin
  3350 | D:3      | Reached XP level 6. HP: 20/32 MP: 11/11
  3901 | D:4      | Noticed Blork the orc
  3905 | D:4      | Killed Blork the orc
  3959 | D:4      | Reached skill level 6 in Earth Magic
  3994 | D:4      | Found Gycwess's Antique Armour Shoppe.
  4023 | D:4      | Reached XP level 7. HP: 8/36 MP: 4/13
  4271 | D:4      | Bought a pair of runed gloves for 195 gold pieces
  4414 | D:4      | Noticed Dowan
  4417 | D:4      | Noticed Duvessa
  4430 | D:4      | Killed Duvessa
  4434 | D:4      | Killed Dowan
  4749 | D:4      | Reached skill level 5 in Spellcasting
  4749 | D:4      | Reached skill level 7 in Earth Magic
  4755 | D:4      | Noticed Sigmund
  4934 | D:4      | Noticed Eustachio
  4958 | D:4      | Reached skill level 5 in Conjurations
  4958 | D:4      | Reached XP level 8. HP: 34/41 MP: 4/15
  4961 | D:4      | Killed Eustachio
  5143 | D:4      | Killed Sigmund
  5551 | D:4      | Found a runed door.
  5555 | D:4      | Noticed Crazy Yiuf
  5562 | D:4      | Killed Crazy Yiuf
  5712 | D:5      | Entered Level 5 of the Dungeon
  5862 | D:5      | Reached skill level 1 in Armour
  6319 | D:5      | Reached skill level 1 in Fighting
  6319 | D:5      | Reached skill level 1 in Maces & Flails
  6678 | D:5      | Reached skill level 1 in Evocations
  6762 | D:5      | Reached skill level 8 in Earth Magic
  7001 | D:6      | Reached XP level 9. HP: 48/48 MP: 11/17
  7282 | D:6      | Found a staircase to the Ecumenical Temple.
  7291 | Temple   | Entered the Ecumenical Temple
  7609 | Temple   | Became a worshipper of Vehumet
  7905 | D:6      | Noticed Pikel
  7925 | D:6      | Killed Pikel
  8536 | D:7      | Found Sidinne's Jewellery Boutique.
  8543 | D:7      | Reached * piety under Vehumet
  8543 | D:7      | Offered knowledge of Shock by Vehumet.
  8604 | D:7      | Noticed Prince Ribbit
  8610 | D:7      | Killed Prince Ribbit
  8926 | D:8      | Noticed an obsidian statue
  8942 | D:8      | Noticed a sun demon
  8942 | D:8      | Noticed an ice devil
  8945 | D:8      | Gained mutation: You are weak. (Str -2) [a neqoxec]
  8946 | D:8      | Mangled by a sun demon

Vault maps used:
D:1:      minmay_arrival_cross
D:2:      minmay_nonomino_d4
D:3:      chequers_ecumenical_altar_simple_redux, first_ration, uniq_robin
D:4:      serial_shops, nicolae_shop_temple_entry_statues_fountains,
          guppyfry_early_orc_mine, uniq_crazy_yiuf_cottage, uniq_blork_the_orc,
          uniq_eustachio, uniq_duvessa, uniq_sigmund
D:5:      hangedman_abyss_or_decor_stagger
D:6:      minmay_temple_entry_trees, uniq_pikel
D:7:      serial_shops, shop, grunt_ogre_cave, uniq_prince_ribbit1
D:8:      minmay_separated_statues, gammafunk_ghost_spectres, serial_shops,
          nicolae_shop_waterfront, nicolae_two_hexagons
Temple:   regret_index_temple_sigil_plot

Skill      XL: |  1  2  3  4  5  6  7  8  9 |
---------------+----------------------------+-----
Earth Magic    | 4 5 6 7 8 |  8.7
Conjurations   | 1 2 3 5 6 |  6.7
Spellcasting   | 3 4 5 6 |  6.4
Armour         | 1 3 |  3.2
Fighting       | 1 3 |  3.3
Maces & Flails | 1 3 |  3.0
Evocations     | 1 2 |  2.8
Dodging        | 2 3 |  3.0
Stealth        | |  2.1
Transmutations | |  0.7

Action                   |  1- 3 |  4- 6 |  7- 9 || total
-------------------------+-------+-------+-------++-------
Melee: Club              |   118 |    38 |       ||   156
       Unarmed           |     2 |       |       ||     2
       Rapier            |       |   209 |    71 ||   280
       Scimitar          |       |       |   138 ||   138
 Cast: Sandblast         |    21 |    41 |    72 ||   134
       Lee's Rapid Decon |       |       |     6 ||     6
       Stone Arrow       |       |       |    10 ||    10
Evoke: Wand              |     1 |       |       ||     1
  Use: Scroll            |     9 |     3 |    13 ||    25
       Potion            |       |     2 |     6 ||     8
 Stab: Sleeping          |     3 |     2 |     1 ||     6
  Eat: Chunk             |     4 |     7 |    13 ||    24
       Ration            |       |       |     1 ||     1
Armor: Robe              |    48 |   168 |   153 ||   369
       Skin              |       |       |    56 ||    56
Dodge: Dodged            |   132 |   201 |   197 ||   530
       Rpst.: Scimitar   |       |       |    39 ||    39

Table legend:
 A = Non-vault XP
 B = Vault XP
 C = Vault XP percentage of total XP
 D = Non-vault monster count
 E = Vault monster count
 F = Vault count percentage of total count
                 A         B        C        D         E       F
            +---------+---------+-------+---------+---------+-------
      Total |    2343 |    2110 |  47.4 |     143 |      35 |  19.7
            +---------+---------+-------+---------+---------+-------
        D:1 |      42 |       0 |   0.0 |      22 |       0 |   0.0
        D:2 |      90 |      22 |  19.6 |      23 |       6 |  20.7
        D:3 |     146 |      39 |  21.1 |      39 |      13 |  25.0
        D:4 |     344 |    1022 |  74.8 |      16 |      13 |  44.8
        D:5 |     400 |       0 |   0.0 |       8 |       0 |   0.0
        D:6 |     544 |     641 |  54.1 |      21 |       1 |   4.5
        D:7 |     772 |     386 |  33.3 |      12 |       2 |  14.3
     Temple |       5 |       0 |   0.0 |       2 |       0 |   0.0
            +---------+---------+-------+---------+---------+-------
